 Dungeon Sprint DCSS version 0.25-a0-410-g53dbb631d1 (webtiles) character file.

Game seed: 11744487257022206760, levelgen mode: deterministic

557468 wilfster70 the End of an Era (level 21, 224/224 HPs)
             Began as a Hill Orc Monk on Jan 13, 2020.
             Was the Champion of Qazlal.
             Escaped with the Orb!
             The game lasted 00:24:21 (2938 turns).

wilfster70 the End of an Era (Hill Orc Monk)        Turns: 2938, Time: 00:24:22

Health: 224/224    AC: 51    Str: 26    XL:     21   Next: 77%
Magic:  51/52      EV:  9    Int: 24    God:    Qazlal [******]
Gold:   0          SH: 45    Dex: 11    Spells: 74/74 levels left

rFire    + + +     SeeInvis +   a - +14 lance "Wyrmbane" {slay drac, rPois rF+ rC+ AC+3}
rCold    + + .     Gourm    .   v - +18 shield of the Gong {rElec rN+ MR+ EV-5}
rNeg     + . .     Faith    .   j - +5 gold dragon scales
rPois    +         Spirit   .   B - +2 helmet {Int+3}
rElec    +         Reflect  .   K - +2 cloak {MR+}
rCorr    .         Harm     .   y - +2 pair of gloves {Dex+3}
MR       +++..     NoTele   +   J - +2 pair of boots {run}
Stlth    ..........             m - amulet "Hebugh" {rPois rF+ Regen+ Int+3 Dex-3}
HPRegen  0.87/turn              A - +6 ring of strength
MPRegen  0.33/turn              H - ring of Diysim {rElec rF+++ Int+4 Dex-2 SInv}

@: studying 2 skills, repel missiles, quick
A: no striking features
0: Orb of Zot
a: Upheaval, Elemental Force, Disaster Area, Renounce Religion


You escaped.
You worshipped Qazlal.
Qazlal was exalted by your worship.
You were not hungry.

You visited 1 branch

Inventory:

Hand Weapons
 a - the +14 lance "Wyrmbane" (weapon) {slay drac, rPois rF+ rC+ AC+3}
   (You found it in the Dungeon)

   It affects your AC (+3).
   It protects you from fire.
   It protects you from cold.
   It protects you from poison.
Armour
 j - +5 gold dragon scales (worn)
 v - the +18 shield of the Gong (worn) {rElec rN+ MR+ EV-5}
   (You found it in the Dungeon)

   It affects your evasion (-5).
   It insulates you from electricity.
   It protects you from negative energy.
   It affects your resistance to hostile enchantments.
 y - a +2 pair of gloves of dexterity (worn)
 B - a +2 helmet of intelligence (worn)
 J - a +2 pair of boots of running (worn)
 K - a +2 cloak of magic resistance (worn)
Jewellery
 m - the amulet "Hebugh" (around neck) {rPois rF+ Regen+ Int+3 Dex-3}
   (You acquired it in the Dungeon)

   [amulet of regeneration]

   It affects your intelligence (+3).
   It affects your dexterity (-3).
   It protects you from fire.
   It protects you from poison.
   It increases your rate of regeneration.
 x - an uncursed ring of protection from magic
 A - a +6 ring of strength (left hand)
 H - the ring of Diysim (right hand) {rElec rF+++ Int+4 Dex-2 SInv}
   (You took it off a green draconian in the Dungeon)

   [ring of see invisible]

   It affects your intelligence (+4).
   It affects your dexterity (-2).
   It renders you almost immune to fire.
   It insulates you from electricity.
   It lets you see invisible.
 I - a +4 ring of dexterity
 N - an uncursed ring of resist corrosion
 P - the ring "Ukerir" {rPois rF+ Str+4 Dex+2 SInv}
   (You found it in the Dungeon)

   [ring of protection from fire]

   It affects your strength (+4).
   It affects your dexterity (+2).
   It protects you from fire.
   It protects you from poison.
   It lets you see invisible.
 R - the amulet of the Air {Inacc +Fly rElec EV+5 RMsl}
   (You found it in the Dungeon)

   [amulet of inaccuracy]

   It reduces the accuracy of all your attacks.
   It affects your evasion (+5).
   It insulates you from electricity.
   It lets you fly.
   It protects you from missiles.
 S - the amulet "Fastraeno" {Acrobat *Corrode rElec MP+9}
   (You took it off a yaktaur captain in the Dungeon)

   [amulet of the acrobat]

   It helps you evade while moving and waiting.
   It insulates you from electricity.
   It affects your magic capacity (+9).
   It may corrode you when you take damage.
Wands
 C - a wand of disintegration (7)
 D - a wand of iceblast (7)
 E - a wand of acid (7)
Scrolls
 i - 4 scrolls of blinking
 p - 4 scrolls of amnesia
 q - 10 scrolls of fog
 r - a scroll of holy word
 s - 5 scrolls of identify
 t - 5 scrolls of remove curse
 u - 2 scrolls of fear
 F - 6 scrolls of brand weapon
 M - 4 scrolls of enchant armour
Potions
 b - 2 potions of brilliance
 d - 10 potions of curing
 e - 14 potions of heal wounds
 f - 10 potions of haste
 g - 6 potions of magic
 h - a potion of berserk rage
 k - 2 potions of invisibility
 l - 4 potions of resistance
 n - 6 potions of agility
 o - 6 potions of might
Books
 O - a manual of Air Magic
 W - a manual of Crossbows
Miscellaneous
 w - 11 boxes of beasts
 z - a lamp of fire
 G - 12 phantom mirrors
 L - a lightning rod (4/4)
Comestibles
 c - 9 rations
 Q - 5 chunks of flesh


   Skills:
 O Level 27 Fighting
 + Level 25.9 Polearms
 O Level 27 Armour
 - Level 16.0 Dodging
 - Level 1.5 Stealth
 O Level 27 Shields
 O Level 27 Spellcasting
   Level 12.3 Ice Magic
 + Level 13.9 Air Magic
   Level 13.3 Earth Magic
 O Level 27 Invocations
 O Level 27 Evocations


You had 74 spell levels left.
You didn't know any spells.
Your spell library contained the following spells:

 Spells                   Type           Power        Failure   Level  Hunger
 Freeze                   Ice            ####         1%          1    None
 Shock                    Conj/Air       ####         1%          1    None
 Corpse Rot               Necr/Air       N/A          1%          2    None
 Ensorcelled Hibernation  Hex/Ice        ######       1%          2    None
 Passwall                 Tmut/Erth      ######..     1%          2    None
 Poisonous Vapours        Pois/Air       ######       1%          2    None
 Swiftness                Chrm/Air       ######..     1%          2    None
 Ozocubu's Armour         Chrm/Ice       ######..     1%          3    None
 Static Discharge         Conj/Air       ######..     1%          3    None
 Stone Arrow              Conj/Erth      ######       1%          3    None
 Airstrike                Air            #######...   1%          4    None
 Lee's Rapid Deconstruct  Erth           #######...   1%          5    None
 Mephitic Cloud           Conj/Pois/Air  ######..     2%          3    None
 Summon Lightning Spire   Summ/Air       ######..     3%          4    None
 Hailstorm                Conj/Ice       ######..     4%          4    None
 Ice Form                 Ice/Tmut       ######..     4%          4    None
 Leda's Liquefaction      Hex/Erth       ######....   4%          4    None
 Petrify                  Tmut/Erth      ######..     4%          4    None
 Summon Ice Beast         Ice/Summ       ######..     4%          4    None
 Animate Skeleton         Necr           N/A          6%          1    None
 Apportation              Tloc           ####..       6%          1    None
 Beastly Appendage        Tmut           ####..       6%          1    None
 Corona                   Hex            ####...      6%          1    None
 Foxfire                  Conj/Fire      ####         6%          1    None
 Infusion                 Chrm           ####         6%          1    None
 Magic Dart               Conj           ####         6%          1    None
 Pain                     Necr           ####         6%          1    None
 Sting                    Tmut/Pois      ####         6%          1    None
 Summon Butterflies       Summ           ####....     6%          1    None
 Summon Small Mammal      Summ           ####         6%          1    None
 Call Imp                 Summ           ####....     9%          2    None
 Searing Ray              Conj           ####..       9%          2    None
 Shroud of Golubria       Chrm/Tloc      ####..       9%          2    None
 Song of Slaying          Chrm           ####....     9%          2    None
 Sticks to Snakes         Tmut           ####....     9%          2    None
 Sublimation of Blood     Necr           ####......   9%          2    None
 Lightning Bolt           Conj/Air       ######....   10%         5    None
 Silence                  Hex/Air        ######....   10%         5    None
 Borgnjor's Vile Clutch   Necr/Erth      ######....   11%         5    None
 Metabolic Englaciation   Hex/Ice        ######....   14%         5    None
 Call Canine Familiar     Summ           ####....     19%         3    None
 Confusing Touch          Hex            ####....     19%         3    None
 Conjure Flame            Conj/Fire      ####....     19%         3    None
 Dazzling Flash           Conj/Hex       ####..       19%         3    None
 Gell's Gravitas          Tloc           ####......   19%         3    None
 Ignite Poison            Fire/Tmut/Pois ####....     19%         3    None
 Inner Flame              Hex/Fire       ####....     19%         3    None
 Portal Projectile        Hex/Tloc       ####..       19%         3    None
 Recall                   Summ/Tloc      N/A          19%         3    None
 Spectral Weapon          Hex/Chrm       ####....     19%         3    None
 Spider Form              Tmut/Pois      ####......   19%         3    None
 Summon Guardian Golem    Hex/Summ       ####....     19%         3    None
 Tukima's Dance           Hex            ####....     19%         3    None
 Vampiric Draining        Necr           ####......   19%         3    None
 Bolt of Magma            Conj/Fire/Erth ######....   26%         5    None
 Freezing Cloud           Conj/Ice/Air   ######....   26%         6    None
 Conjure Ball Lightning   Conj/Air       ######....   47%         6    None
 Deflect Missiles         Chrm/Air       ######....   47%         6    None
 Animate Dead             Necr           N/A          52%         4    None
 Cause Fear               Hex            ####......   52%         4    None
 Dispel Undead            Necr           ####....     52%         4    None
 Fulminant Prism          Conj/Hex       ####......   52%         4    None
 Iskenderun's Mystic Bla  Conj/Tloc      ####....     52%         4    None
 Olgreb's Toxic Radiance  Pois           ####....     52%         4    None
 Sticky Flame             Conj/Fire      ####....     52%         4    None
 Iron Shot                Conj/Erth      ######....   52%         6    None
 Statue Form              Tmut/Erth      ######...    52%         6    None
 Simulacrum               Ice/Necr       ######....   58%         6    None
 Agony                    Necr           ####....     86%         5    None
 Alistair's Intoxication  Tmut/Pois      ####....     86%         5    None
 Blade Hands              Tmut           ####......   86%         5    None
 Excruciating Wounds      Chrm/Necr      ####......   86%         5    None
 Fireball                 Conj/Fire      ####......   86%         5    None
 Irradiate                Conj/Tmut      ####......   86%         5    None
 Iskenderun's Battlesphe  Conj/Chrm      ####....     86%         5    None
 Summon Mana Viper        Hex/Summ       ####....     86%         5    None
 Yara's Violent Unravell  Hex/Tmut       ####......   86%         5    None
 Darkness                 Hex            ####......   100%        6    None
 Death Channel            Necr           ####......   100%        6    None
 Dispersal                Tloc           ####......   100%        6    None
 Eringya's Noxious Bog    Tmut/Pois      ####......   100%        6    None
 Hydra Form               Tmut           ####......   100%        6    None
 Invisibility             Hex            ####....     100%        6    None
 Starburst                Conj/Fire      ####......   100%        6    None
 Dragon Form              Tmut           ####......   100%        7    ##.....
 Malign Gateway           Summ/Tloc      ####......   100%        7    ##.....
 Monstrous Menagerie      Summ           ####......   100%        7    ##.....
 Orb of Destruction       Conj           ####......   100%        7    ##.....
 Ring of Flames           Chrm/Fire      ####......   100%        7    ##.....
 Spellforged Servitor     Conj/Summ      ####......   100%        7    ##.....
 Summon Greater Demon     Summ           ####......   100%        7    ##.....
 Summon Hydra             Summ           ####......   100%        7    ##.....
 Controlled Blink         Tloc           N/A          100%        8    #####..
 Disjunction              Tloc           ####......   100%        8    #####..
 Summon Horrible Things   Summ           ####......   100%        8    #####..
 Shatter                  Erth           #######...   100%        9    ######.
 Tornado                  Air            #######...   100%        9    ######.
 Passage of Golubria      Tloc           Unusable     N/A         4    N/A

Dungeon Overview and Level Annotations

Branches:
Dungeon (1/1)

Altars:
Ashenzari
Cheibriados
Dithmenos
Elyvilon
Fedhas
Gozag
Hepliaklqana
Kikubaaqudgha
Makhleb
Nemelex Xobeh
Okawaru
Qazlal
Ru
Sif Muna
Trog
Uskayaw
Vehumet
Wu Jian
Xom
Yredelemnul
Zin
The Shining One
Beogh
Jiyva
Lugonu


Message History

a sack of spiders; a chain mail; an uncursed staff of poison
Items here: )))) : [[[[[[ ††
Items here: ( )) [[[[ †
f - 10 potions of haste (gained 4)
Items here: ) [[ } a glowing dire flail; a chain mail; a +2 leather armour of cold resistance a phial of floods You see here an uncursed staff of poison.
There is a transporter here.
An exit appears before you!
You enter the transporter and appear at another place.
Found the Orb of Zot.
Found a staircase leading out of the dungeon.
You see here the Orb of Zot.
You pick up the Orb of Zot!
The Orb lets out a hideous shriek!
The lords of Pandemonium are not amused.
Beware!
Now all you have to do is get back out of the dungeon!
There is a staircase leading out of the dungeon here.
There is a staircase leading out of the dungeon here.
You have escaped!

...[.|......▓.......).....▓..≈8©8
)...........▓.............▓.≈≈})≈
.....)......▓.............▓≈.[≈))
............▓.......≈≈≈≈.≈▓≈≈.[≈.
............▓......©..≈≈..▓(.≈..)
............▓▓▓▓▓▓▓▓▓▓▓▓▓▓▓...÷).
▓.......▓...▓8888888888888▓......
▓▓.....▓▓▓..▓8.°.........8▓).....
▓.......▓...▓8..@○....©..8▓≈▓....
.≈≈≈.≈.≈.≈..▓8.☼.§§......8▓≈≈.(©.
....©≈......▓8888888888888▓▓▓▓▓▓▓
▓▓▓▓▓▓▓▓▓▓▓▓▓▓▓▓▓▓▓▓▓▓▓▓▓▓▓▓▓▓▓▓▓
.....8©8........▓........8©8.....
||[)...)..)}.)..▓...))[)|)†)".}|)
)).))[):[))..).[▓.):}.[.[[....))[
)}..[...)...[[).▓.[).=|......|}}.
...)=..))....)..▓...=.)†.........


There were no monsters in sight!

Vanquished Creatures
  4 ancient liches (D)
  An orb of fire (D)
  15 pandemonium lords (D)
  2 pearl dragons (D)
  A tentacled monstrosity (D)
  2 Orb Guardians (D)
  3 liches (D)
  3 deep elf master archers (D)
  An Executioner (D)
  A storm dragon (D)
  6 shadow dragons (D)
  2 thorn hunters (D)
  A tentacled starspawn (D)
  5 draconian monks (D)
  3 daevas (D)
  3 azure jellies (D)
  3 fire giants (D)
  2 orc warlords (D)
  2 balrugs (D)
  A warmonger (D)
  2 draconian stormcallers (D)
  2 angels (D)
  3 draconian scorchers (D)
  3 draconian shifters (D)
  4 draconian knights (D)
  5 draconian annihilators (D)
  A ghoul (D)
  A spriggan defender (D)
  12 green draconians (D)
  3 vampire knights (D)
  18 stone giants (D)
  2 apis (D)
  10 black draconians (D)
  4 dire elephants (D)
  A lorocyproca (D)
  9 white draconians (D)
  10 yellow draconians (D)
  11 red draconians (D)
  13 purple draconians (D)
  A blizzard demon (D)
  A green death (D)
  A death ooze (D)
  3 crystal guardians (D)
  3 fire dragons (D)
  6 merfolk javelineers (D)
  3 merfolk impalers (D)
  7 yaktaur captains (D)
  A great orb of eyes (D)
  4 hydras (D)
  A hell beast (D)
  A merfolk aquamancer (D)
  35 vault guards (D)
  A two-headed ogre (D)
  2 catoblepae (D)
  2 satyrs (D)
  11 centaur warriors (D)
  A death yak (D)
  3 vampire magi (D)
  3 orc high priests (D)
  4 iron golems (D)
  4 spriggan berserkers (D)
  A large abomination (D)
  3 skeletal warriors (D)
  A harpy (D)
  2 cherubim (D)
  5 orc knights (D)
  A lindwurm (D)
  A manticore (D)
  7 orc sorcerers (D)
  A shining eye (D)
  4 necromancers (D)
  5 cyclopes (D)
  An oklob plant (D)
  3 moths of wrath (D)
  An apocalypse crab (D)
  2 black mambas (D)
  2 elephants (D)
  2 eyes of devastation (D)
  A gargoyle (D)
  An orange demon (D)
  2 efreet (D)
  11 spiny frogs (D)
  A rime drake (D)
  4 komodo dragons (D)
  A dryad (D)
  11 yaktaurs (D)
  A hellion (D)
  A tormentor (D)
  2 freezing wraiths (D)
  A red devil (D)
  3 trolls (D)
  A wind drake (D)
  A hornet (D)
  A polar bear (D)
  6 merfolk (D)
  A blink frog (D)
  8 slime creatures (D)
  2 dream sheep (D)
  A raiju (D)
  7 hippogriffs (D)
  3 shadows (D)
  Sigmund (D)
  3 air elementals (D)
  A vampire (D)
  A yak (D)
  A fire elemental (D)
  A golden eye (D)
  3 basilisks (D)
  2 wargs (D)
  4 insubstantial wisps (D)
  3 hell hounds (D)
  5 water moccasins (D)
  12 orc warriors (D)
  3 phantoms (D)
  An ice beast (D)
  3 necrophages (D)
  4 ogres (D)
  5 centaurs (D)
  8 crocodiles (D)
  Blork the orc (D)
  2 earth elementals (D)
  4 small abominations (D)
  6 wights (D)
  5 quasits (D)
  2 iron imps (D)
  5 jellies (D)
  6 orc priests (D)
  6 orc wizards (D)
  Jessica (D)
  An iguana (D)
  3 shadow imps (D)
  2 white imps (D)
  An ooze (D)
  6 adder zombies (D)
  3 adder skeletons (D)
  2 orcs (D)
  A bat skeleton (D)
  5 bat zombies (D)
  2 ball python skeletons (D)
  A ball python zombie (D)
  A giant cockroach zombie (D)
  A jackal skeleton (D)
  A jackal zombie (D)
  A leopard gecko skeleton (D)
  A quokka zombie (D)
  28 briar patches (D)
  A starspawn tentacle (D)
546 creatures vanquished.

Vanquished Creatures (others)
  An Orb Guardian (D)
  An eldritch tentacle (D)
  A green death (D)
  A briar patch (D)
  A starspawn tentacle (D)
5 creatures vanquished.

Grand Total: 551 creatures vanquished

Notes
Turn   | Place    | Note
-------+----------+-------------------------------------------
     0 | D        | wilfster70 the Hill Orc Monk began the quest for the Orb.
     0 | D        | Reached XP level 1. HP: 19/19 MP: 1/1
    14 | D        | Found a blossoming altar of Fedhas.
    15 | D        | Found the +6 Majin-Bo {vamp, Archmagi MP+6 Int+6}
    15 | D        | Found the +7 great mace "Firestarter" {inner flame, rF++}
    18 | D        | Found a shimmering blue altar of Sif Muna.
    18 | D        | Found a sacrificial altar of Ru.
    18 | D        | Found a bloodstained altar of Trog.
    18 | D        | Found a stormy altar of Qazlal.
    18 | D        | Found an iron altar of Okawaru.
    18 | D        | Found a sparkling altar of Nemelex Xobeh.
    20 | D        | Found a transporter.
    20 | D        | Found an ancient bone altar of Kikubaaqudgha.
    20 | D        | Found a viscous altar of Jiyva.
    20 | D        | Found a corrupted altar of Lugonu.
    20 | D        | Found a hazy altar of Hepliaklqana.
    20 | D        | Found a burning altar of Makhleb.
    20 | D        | Found an opulent altar of Gozag.
    43 | D        | Became a worshipper of Qazlal Stormbringer
    43 | D        | Reached * piety under Qazlal
    43 | D        | Reached ** piety under Qazlal
    49 | D        | Found the +9 heavy crossbow "Sniper" {velocity, Acc+∞ SInv}
    49 | D        | Found the +10 dark maul {crush}
    49 | D        | Found the +15 Maxwell's patent armour {-Cast -Tele rElec
                  | MR+ rCorr}
    49 | D        | Found the +18 shield of the Gong {rElec rN+ MR+ EV-5}
    49 | D        | Found the cursed +14 obsidian axe {chop, +Fly SInv *Curse}
    57 | D        | Found the +6 shillelagh "Devastator" {shatter}
    57 | D        | Found the +11 plutonium sword {*Contam Stlth-}
    57 | D        | Found the +8 lance "Wyrmbane" {slay drac, rPois rF+ rC+
                  | AC+3}
    57 | D        | Found the +9 sword of Zonguldrok {reap}
    57 | D        | Found the cursed +13 scythe of Curses {drain, *Curse}
    57 | D        | Found the +0 sword of Power
    57 | D        | Found the +7 mace of Variability {chain chaos}
    57 | D        | Found the +7 Singing Sword {slice, sonic wave}
    57 | D        | Found the +8 storm bow {elec, penet}
    64 | D        | Entered arena 2.
    64 | D        | Noticed a yak
    64 | D        | Noticed an iguana
    64 | D        | Found a transporter.
    66 | D        | Killed an iguana
    66 | D        | Reached XP level 2. HP: 28/28 MP: 1/3
    66 | D        | Reached XP level 3. HP: 34/34 MP: 1/4
    69 | D        | Killed a yak
    69 | D        | Reached XP level 4. HP: 44/44 MP: 1/7
    69 | D        | Reached XP level 5. HP: 50/50 MP: 1/8
   124 | D        | Entered arena 3.
   124 | D        | Noticed Sigmund
   124 | D        | Noticed Jessica
   124 | D        | Noticed Blork the orc
   124 | D        | Found a transporter.
   130 | D        | Killed Jessica
   130 | D        | Reached skill level 5 in Invocations
   132 | D        | Killed Sigmund
   132 | D        | Reached *** piety under Qazlal
   132 | D        | Reached skill level 5 in Armour
   132 | D        | Reached skill level 5 in Shields
   132 | D        | Reached XP level 6. HP: 60/60 MP: 8/10
   138 | D        | Killed Blork the orc
   138 | D        | Reached skill level 5 in Dodging
   196 | D        | Entered arena 4.
   196 | D        | Found a transporter.
   206 | D        | Reached **** piety under Qazlal
   206 | D        | Reached XP level 7. HP: 67/67 MP: 12/12
   216 | D        | Got the Guide on Assistive Curses
   218 | D        | Entered arena 5.
   218 | D        | Found a transporter.
   228 | D        | Reached ***** piety under Qazlal
   233 | D        | Got the Almanac of the Fetching Mountains
   235 | D        | Entered arena 6.
   235 | D        | Found a transporter.
   250 | D        | Reached skill level 10 in Polearms
   264 | D        | Got the Tome of Congealing Poisoning
   268 | D        | Entered arena 7.
   268 | D        | Noticed a merfolk
   268 | D        | Noticed a merfolk
   268 | D        | Noticed a merfolk
   268 | D        | Noticed a hippogriff
   268 | D        | Noticed a merfolk
   270 | D        | Found a transporter.
   276 | D        | Killed a hippogriff
   276 | D        | Reached XP level 8. HP: 75/77 MP: 14/14
   282 | D        | Killed a merfolk
   293 | D        | Killed a merfolk
   297 | D        | Killed a merfolk
   309 | D        | Killed a merfolk
   309 | D        | Reached ****** piety under Qazlal
   309 | D        | Reached skill level 10 in Fighting
   309 | D        | Reached XP level 9. HP: 70/85 MP: 16/16
   330 | D        | Entered arena 8.
   331 | D        | Identified the +4 scimitar "Dierghayn" {freeze, *Corrode
                  | +Blink +Rage Dex+3}
   331 | D        | Found a transporter.
   332 | D        | Reached skill level 10 in Invocations
   345 | D        | Entered arena 9.
   347 | D        | Found a transporter.
   438 | D        | Entered arena 10.
   439 | D        | Reached XP level 10. HP: 96/96 MP: 18/18
   440 | D        | Found a transporter.
   451 | D        | Got the Reference Book on Conjuration
   483 | D        | Entered arena 11.
   484 | D        | Reached skill level 10 in Shields
   484 | D        | Reached skill level 1 in Evocations
   485 | D        | Found a transporter.
   491 | D        | Reached skill level 10 in Armour
   631 | D        | Entered arena 12.
   631 | D        | Noticed a skeletal warrior
   635 | D        | Found a transporter.
   667 | D        | Killed a skeletal warrior
   790 | D        | Entered arena 13.
   790 | D        | Noticed a merfolk impaler
   790 | D        | Noticed a manticore
   790 | D        | Noticed a merfolk javelineer
   790 | D        | Noticed a merfolk javelineer
   790 | D        | Noticed a harpy
   790 | D        | Noticed a merfolk javelineer
   790 | D        | Noticed a merfolk impaler
   791 | D        | Noticed a merfolk impaler
   791 | D        | Noticed a merfolk aquamancer
   793 | D        | Killed a merfolk impaler
   793 | D        | Killed a merfolk javelineer
   793 | D        | Reached XP level 11. HP: 78/108 MP: 12/20
   793 | D        | Killed a merfolk javelineer
   793 | D        | Reached skill level 5 in Evocations
   793 | D        | Killed a merfolk impaler
   793 | D        | Killed a merfolk aquamancer
   793 | D        | Killed a manticore
   793 | D        | Killed a merfolk impaler
   793 | D        | Reached skill level 15 in Fighting
   794 | D        | Found a transporter.
   798 | D        | Killed a merfolk javelineer
   798 | D        | Reached skill level 10 in Dodging
   807 | D        | Killed a harpy
   828 | D        | Identified a +2 pair of boots of running (You found it in
                  | the Dungeon)
  1018 | D        | Entered arena 14.
  1018 | D        | Noticed a fire dragon
  1018 | D        | Noticed a fire giant
  1018 | D        | Noticed a fire dragon
  1019 | D        | Noticed a fire dragon
  1019 | D        | Noticed a fire giant
  1019 | D        | Noticed a fire giant
  1022 | D        | Killed a fire giant
  1022 | D        | Reached XP level 12. HP: 108/122 MP: 14/22
  1022 | D        | Killed a fire dragon
  1035 | D        | Killed a fire dragon
  1035 | D        | Reached skill level 15 in Shields
  1042 | D        | Killed a fire giant
  1042 | D        | Reached skill level 15 in Invocations
  1048 | D        | Killed a fire giant
  1057 | D        | Killed a fire dragon
  1062 | D        | Found a transporter.
  1229 | D        | Entered arena 15.
  1229 | D        | Noticed an iron golem
  1229 | D        | Noticed a crystal guardian
  1229 | D        | Noticed a stone giant
  1229 | D        | Noticed an iron golem
  1230 | D        | Noticed a crystal guardian
  1230 | D        | Noticed a stone giant
  1230 | D        | Noticed an iron golem
  1230 | D        | Noticed a stone giant
  1230 | D        | Noticed a crystal guardian
  1231 | D        | Noticed an iron golem
  1232 | D        | Killed a stone giant
  1233 | D        | Killed a stone giant
  1233 | D        | Killed a crystal guardian
  1233 | D        | Reached skill level 10 in Evocations
  1233 | D        | Killed an iron golem
  1233 | D        | Killed a stone giant
  1233 | D        | Reached XP level 13. HP: 89/134 MP: 16/25
  1234 | D        | Killed a crystal guardian
  1262 | D        | Killed a crystal guardian
  1283 | D        | Found a transporter.
  1448 | D        | Reached XP level 14. HP: 144/144 MP: 26/26
  1459 | D        | Identified the amulet "Hebugh" {rPois rF+ Regen+ Int+3
                  | Dex-3} (You acquired it in the Dungeon)
  1470 | D        | Got the Grimoire of Captivating Evil Arts
  1488 | D        | Entered arena 16.
  1488 | D        | Noticed a tentacled starspawn
  1490 | D        | Reached skill level 15 in Armour
  1490 | D        | Killed a tentacled starspawn
  1493 | D        | Found the +2 Maxwell's thermic engine {flame, freeze}
  1493 | D        | Found a transporter.
  1562 | D        | Entered arena 17.
  1564 | D        | Noticed a spriggan defender
  1564 | D        | Noticed a thorn hunter
  1564 | D        | Noticed a dire elephant
  1565 | D        | Noticed a thorn hunter
  1566 | D        | Found the +0 staff of Battle
  1566 | D        | Killed a spriggan defender
  1567 | D        | Killed a dire elephant
  1568 | D        | Noticed a dire elephant
  1571 | D        | Killed a thorn hunter
  1571 | D        | Killed a thorn hunter
  1571 | D        | Killed a dire elephant
  1573 | D        | Found a transporter.
  1586 | D        | Got the ring of Xom's Absentmindedness {rPois rF- Int+3
                  | SInv}
  1597 | D        | Got Tyxzybudd's Collected Works on Warped Malediction
  1602 | D        | Got the ring of Doubts {rN+ SInv}
  1681 | D        | Entered arena 18.
  1683 | D        | Noticed a shadow dragon
  1683 | D        | Noticed a white draconian
  1683 | D        | Noticed an Orb Guardian
  1683 | D        | Noticed a red draconian
  1683 | D        | Noticed a green draconian
  1683 | D        | Noticed a white draconian
  1683 | D        | Noticed a yellow draconian
  1683 | D        | Noticed a black draconian
  1683 | D        | Noticed a tentacled monstrosity
  1684 | D        | Noticed an Orb Guardian
  1684 | D        | Noticed an Orb Guardian
  1684 | D        | Noticed a red draconian
  1684 | D        | Noticed a purple draconian
  1684 | D        | Noticed a storm dragon
  1685 | D        | Killed an Orb Guardian
  1685 | D        | Killed an Orb Guardian
  1685 | D        | Killed a tentacled monstrosity
  1685 | D        | Reached XP level 15. HP: 157/157 MP: 28/28
  1685 | D        | Noticed an orb of fire
  1686 | D        | Killed a shadow dragon
  1686 | D        | Killed a storm dragon
  1688 | D        | Identified the amulet of Kaimn {+Rage Dex+5}
  1692 | D        | Killed an Orb Guardian
  1692 | D        | Reached skill level 15 in Evocations
  1693 | D        | Killed an orb of fire
  1693 | D        | Reached skill level 15 in Dodging
  1695 | D        | Found a transporter.
  1799 | D        | Entered arena 19.
  1801 | D        | Noticed an angel
  1801 | D        | Noticed a pearl dragon
  1801 | D        | Noticed an angel
  1802 | D        | Noticed a daeva
  1803 | D        | Killed an angel
  1803 | D        | Noticed a daeva
  1805 | D        | Noticed a daeva
  1805 | D        | Noticed a pearl dragon
  1808 | D        | Killed a daeva
  1808 | D        | Killed a pearl dragon
  1808 | D        | Killed a daeva
  1808 | D        | Killed a daeva
  1808 | D        | Reached XP level 16. HP: 145/170 MP: 16/31
  1808 | D        | Killed a pearl dragon
  1814 | D        | Found a transporter.
  1846 | D        | Got the amulet "Liotydejo" {Spirit rN+ Int+2}
  1916 | D        | Entered arena 20.
  1920 | D        | Noticed an azure jelly
  1921 | D        | Killed an azure jelly
  1921 | D        | Noticed an azure jelly
  1922 | D        | Killed an azure jelly
  1922 | D        | Noticed an azure jelly
  1924 | D        | Killed an azure jelly
  1927 | D        | Found a transporter.
  2054 | D        | Entered arena 21.
  2059 | D        | Identified the ring of Diysim {rElec rF+++ Int+4 Dex-2
                  | SInv}
  2060 | D        | Killed a purple draconian monk
  2061 | D        | Identified the +4 spear of Rocwafra {speed, Int+3 Dex+2}
  2062 | D        | Noticed a white draconian monk
  2063 | D        | Found a transporter.
  2117 | D        | Reached XP level 17. HP: 106/185 MP: 17/33
  2239 | D        | Entered arena 22.
  2242 | D        | Noticed Xuxkoewo the pandemonium lord
  2242 | D        | Noticed Kimaw the pandemonium lord
  2242 | D        | Noticed Zyisiyl the pandemonium lord
  2242 | D        | Noticed Kasm the pandemonium lord
  2243 | D        | Killed Kimaw the pandemonium lord
  2243 | D        | Killed Jamasoo the pandemonium lord
  2243 | D        | Noticed an Executioner
  2243 | D        | Noticed Xolaeveo the pandemonium lord
  2244 | D        | Killed Xuxkoewo the pandemonium lord
  2244 | D        | Killed an Executioner
  2244 | D        | Reached skill level 27 in Invocations
  2244 | D        | Killed Kasm the pandemonium lord
  2244 | D        | Reached skill level 27 in Fighting
  2244 | D        | Killed Zyisiyl the pandemonium lord
  2244 | D        | Killed Xolaeveo the pandemonium lord
  2245 | D        | Noticed Jiuf the pandemonium lord
  2245 | D        | Noticed Qeaxier the pandemonium lord
  2245 | D        | Noticed Uhisour the pandemonium lord
  2245 | D        | Noticed Viraf the pandemonium lord
  2245 | D        | Noticed Jomuoxtu the pandemonium lord
  2245 | D        | Noticed Yrchucs the pandemonium lord
  2246 | D        | Noticed Puifesif the pandemonium lord
  2247 | D        | Killed Qeaxier the pandemonium lord
  2247 | D        | Reached XP level 18. HP: 198/200 MP: 13/35
  2247 | D        | Killed Jiuf the pandemonium lord
  2247 | D        | Killed Jomuoxtu the pandemonium lord
  2247 | D        | Killed Yrchucs the pandemonium lord
  2247 | D        | Reached skill level 27 in Armour
  2248 | D        | Noticed Bereheta the pandemonium lord
  2249 | D        | Killed Viraf the pandemonium lord
  2251 | D        | Noticed Ucugohep the pandemonium lord
  2253 | D        | Killed Ucugohep the pandemonium lord
  2253 | D        | Killed Uhisour the pandemonium lord
  2253 | D        | Reached skill level 27 in Evocations
  2253 | D        | Killed Bereheta the pandemonium lord
  2277 | D        | Killed Puifesif the pandemonium lord
  2279 | D        | Found a transporter.
  2294 | D        | Got the cursed ring "Rejium" {rF+ rC+ MR+ EV-3}
  2307 | D        | Identified the amulet of Doubt {Gourm rC+ MP+9} (You
                  | acquired it in the Dungeon)
  2334 | D        | Entered arena 23.
  2334 | D        | Identified the cursed ring of Eferr {rElec MR+ Str+5 Dex-2}
  2339 | D        | Noticed an ancient lich
  2340 | D        | Identified the +6 trident of Vanity {drain, rN+ Str+3}
  2343 | D        | Identified the cursed +0 spear of Ruination {pierce, Int+3}
  2346 | D        | Noticed a lich
  2352 | D        | Reached XP level 19. HP: 197/207 MP: 25/37
  2352 | D        | Killed an ancient lich
  2352 | D        | Reached skill level 15 in Spellcasting
  2363 | D        | Found a transporter.
  2399 | D        | Got the ring of the Voivode {MR- rCorr SInv Stlth+}
  2446 | D        | Entered arena 24.
  2452 | D        | Identified the ring of a Billion Wishes {rPois rN++ EV+3
                  | Str+2 Int-2}
  2453 | D        | Identified the ring "Qyesch" {Int+4 Dex+2}
  2453 | D        | Identified the +3 rapier of the Five Gods {freeze, rElec
                  | rPois Dex-5 SInv}
  2453 | D        | Identified the +4 dagger of the Shoals {venom, rPois MR-
                  | Int+2 Stlth+}
  2454 | D        | Identified the cursed +1 hand crossbow "Hent" {velocity,
                  | rF+ SInv}
  2455 | D        | Identified the amulet "Ohump" {Faith rN+ MP+9 Str-5}
  2456 | D        | Found a transporter.
  2523 | D        | Entered arena 25.
  2531 | D        | Identified the +5 long sword "Xates" {slice, rElec rPois
                  | rC+ Int-5}
  2531 | D        | Identified the +2 rapier of Light {drain, rF+ Stlth+}
  2531 | D        | Identified the ring of Nycsyj {rPois rF+}
  2534 | D        | Found a transporter.
  2577 | D        | Entered arena 26.
  2585 | D        | Identified the amulet "Kuxaell" {*Corrode +Blink rPois
                  | Regen+ MP+9}
  2586 | D        | Identified the +6 battleaxe of Defiance {venom, -Tele rC+++
                  | Int-3 Dex+3}
  2587 | D        | Reached XP level 20. HP: 193/216 MP: 44/48
  2588 | D        | Reached skill level 27 in Spellcasting
  2589 | D        | Identified the +5 dire flail of Tartarus {venom, +Inv rN+
                  | Str-4}
  2591 | D        | Reached skill level 5 in Ice Magic
  2592 | D        | Reached skill level 10 in Ice Magic
  2592 | D        | Reached skill level 15 in Polearms
  2593 | D        | Found a transporter.
  2699 | D        | Entered arena 27.
  2712 | D        | Found the +5 robe of Misfortune {*Contam Harm *Corrode
                  | *Drain *Slow EV+5}
  2716 | D        | Found the amulet of the Air {Inacc +Fly rElec EV+5 RMsl}
  2717 | D        | Found a transporter.
  2730 | D        | Got the ring "Cuulojon" {Fire +Blink Int-2 Dex+9 Slay-6}
  2770 | D        | Got the ring "Ukerir" {rPois rF+ Str+4 Dex+2 SInv}
  2798 | D        | Got the Reference Book on the Blaze
  2815 | D        | Got the Papyrus of Supportive Toxins
  2835 | D        | Entered arena 28.
  2843 | D        | Identified the cursed +0 shortbow of Starshine {speed, rN++
                  | Stlth-}
  2844 | D        | Noticed an ancient lich
  2844 | D        | Identified the amulet "Fastraeno" {Acrobat *Corrode rElec
                  | MP+9}
  2844 | D        | Noticed an ancient lich
  2845 | D        | Noticed an ancient lich
  2845 | D        | Reached skill level 1 in Air Magic
  2845 | D        | Reached skill level 5 in Air Magic
  2845 | D        | Reached XP level 21. HP: 224/224 MP: 52/52
  2845 | D        | Reached skill level 10 in Air Magic
  2845 | D        | Killed an ancient lich
  2845 | D        | Killed an ancient lich
  2845 | D        | Killed an ancient lich
  2846 | D        | Identified the +7 great mace "Amuit" {freeze, +Rage Int+4}
  2854 | D        | Identified the +10 rapier of Cegos {freeze, rPois Int+4}
  2854 | D        | Identified the +5 scale mail of Death Resistance {MR+}
  2856 | D        | Reached skill level 27 in Shields
  2859 | D        | Found a transporter.
  2900 | D        | Found the +4 dagger "Morg" {pain, MR+ Int+5}
  2931 | D        | Got the Orb of Zot
  2938 | D        | Escaped with the Orb!

Levels and vault maps discovered:
D:        sprint_v [room_start, room_1, room_2, room_3, room_4, room_5, room_6,
          room_7, room_8, room_9, room_10, room_11, room_12, room_13, room_14,
          room_15, room_16, room_17, room_18, room_19, room_20, room_21,
          room_22, room_23, room_24, room_25, room_26, room_27]

Skill      XL: |  1  2  3  4  5  6  7  8  9 10 11 12 13 14 15 16 17 18 19 20 21 |
---------------+----------------------------------------------------------------+-----
Fighting       | 4 6 7 8 10 11 13 16 18 20 22 25 27 | 27.0
Polearms       | 4 7 8 9 10 11 12 19 25 | 25.9
Armour         | 2 4 5 6 8 9 11 12 14 17 19 22 26 27 | 27.0
Dodging        | 3 4 5 6 8 9 10 11 12 13 15 16 | 16.0
Shields        | 2 4 5 7 8 9 12 14 15 21 27 | 27.0
Invocations    | 2 4 6 8 9 11 13 14 16 17 19 22 25 27 | 27.0
Evocations     | 4 7 10 11 13 16 19 23 27 | 27.0
Spellcasting   | 14 24 27 | 27.0
Earth Magic    | 13 | 13.3
Ice Magic      | 12 | 12.3
Air Magic      | 7 13 | 13.9
Stealth        | |  1.5

Action                   |  1- 3 |  4- 6 |  7- 9 | 10-12 | 13-15 | 16-18 | 19-21 || total
-------------------------+-------+-------+-------+-------+-------+-------+-------++-------
Melee: Lance             |     4 |    22 |    68 |    71 |    51 |    95 |    29 ||   340
Invok: Disaster Area     |       |       |     2 |    10 |    12 |    15 |    17 ||    56
  Use: Potion            |     1 |     1 |       |       |     1 |     1 |       ||     4
       Scroll            |       |       |     1 |       |     1 |     1 |       ||     3
  Eat: Chunk             |       |       |       |     1 |     2 |     1 |     2 ||     6
Armor: Gold dragon scale |       |     2 |    22 |    14 |     4 |    35 |    11 ||    88
Dodge: Deflected         |       |       |     1 |     2 |     1 |     3 |     8 ||    15
       Dodged            |       |       |       |     5 |     2 |     8 |     3 ||    18
Block: Shield            |     2 |    23 |    93 |    78 |    17 |   109 |    31 ||   353

Table legend:
 A = Non-vault XP
 B = Vault XP
 C = Vault XP percentage of total XP
 D = Non-vault monster count
 E = Vault monster count
 F = Vault count percentage of total count
                 A         B        C        D         E       F
            +---------+---------+-------+---------+---------+-------
      Total |       0 |  546273 | 100.0 |       0 |     519 | 100.0
            +---------+---------+-------+---------+---------+-------
          D |       0 |  546273 | 100.0 |       0 |     519 | 100.0
            +---------+---------+-------+---------+---------+-------
